 Dungeon Crawl Stone Soup version 0.21-a0-401-g0b6bec4 (webtiles) character file.

473 graki42 the Shield-Bearer (level 7, -3/44 HPs)
             Began as a Gargoyle Fighter on Oct 25, 2017.
             Slain by a wraith (4 damage)
             ... in an ossuary.
             The game lasted 00:07:48 (2647 turns).

graki42 the Shield-Bearer (Gargoyle Fighter)        Turns: 2647, Time: 00:07:48

Health: -3/44      AC: 17    Str: 26    XL:     7   Next: 10%
Magic:  7/7        EV:  8    Int:  9    God:
Gold:   194        SH: 11    Dex:  9    Spells: 6/6 levels left

rFire    . . .     SeeInvis .   a - +0 flail
rCold    + . .     Gourm    .   c - +1 shield
rNeg     + . .     Faith    .   u - +2 scale mail {rC+}
rPois    ∞         Spirit   .   m - +2 helmet
rElec    +         Reflect  .   (no cloak)
rCorr    .         Harm     .   (no gloves)
MR       .....                  (no boots)
Stlth    ..........             h - amulet of inaccuracy (curse)
HPRegen  0.14/turn              (no ring)
MPRegen  0.10/turn              (no ring)

@: mighty, very slightly contaminated, slowed, invisible, very slow
A: negative energy resistance 1, electricity resistance, unbreathing,
petrification resistance, rot immunity, AC +4
a: no special abilities


You were in an ossuary.
You were hungry.

You visited 1 branch of the dungeon, and saw 4 of its levels.
You also visited: Ossuary.

You collected 194 gold pieces.

Inventory:

Hand Weapons
 a - a +0 flail (weapon)
Armour
 c - a +1 shield (worn)
 m - a +2 helmet (worn)
 u - a +2 scale mail of cold resistance (worn)
Jewellery
 h - a cursed amulet of inaccuracy (around neck)
 l - an uncursed amulet of rage {unknown}
Wands
 j - a wand of confusion (25/48)
Scrolls
 r - a scroll of enchant armour
 s - 2 scrolls of teleportation
Potions
 b - a potion of degeneration {unknown}
 i - a potion of curing {unknown}
 n - a potion of cancellation
 q - a potion of resistance
 t - a potion of berserk rage {unknown}
Comestibles
 f - 6 bread rations
 g - a meat ration
 p - a fruit


   Skills:
 + Level 4.4 Fighting
 + Level 4.6 Maces & Flails
 + Level 4.3 Armour
 + Level 1.4 Dodging
 + Level 0.3 Stealth
 + Level 5.1 Shields


You had 6 spell levels left.
You didn't know any spells.

Dungeon Overview and Level Annotations

Branches:
Dungeon (4/15)
 Temple: D:4-7

Altars:
Trog


Innate Abilities, Weirdness & Mutations

You are resistant to torment.
Your stone body is resilient. (AC +4)
You are immune to poison.
You resist negative energy. (rN+)
You are resistant to electric shocks. (rElec)
You can survive without breathing.
You are immune to petrification.
You are immune to rotting.


Message History

The wraith hits you!
* * * LOW HITPOINT WARNING * * *
The wraith hits you but does no damage.
You fade into invisibility!
You block the wraith's attack.
You are very lightly contaminated with residual magic.
You feel very mighty all of a sudden. You block the wraith's attack. x2
You closely miss the wraith.
The wraith is lightly damaged.
The wraith hits you but does no damage.
You closely miss the wraith.
The wraith is lightly damaged.
The wraith hits you!
* * * LOW HITPOINT WARNING * * *
You block the wraith's attack.
You sock the wraith!
The wraith is heavily damaged.
The wraith hits you.
You die...

######### ........
...... ####..# #.
#!W@..# # #..####..#+#
.# #........#.#..# ###
#.............. #W#
#..####.......# ###
#..# +....8...# ##.##
#..####.......#
##...###.^...........#
##.....##..............


You could see a wraith.

Vanquished Creatures
  Sigmund (D:2)
  The ghost of tilp the Magician, an amateur DEFE (D:3)
  Terence (D:2)
  A mummy (D:4)
  Robin (D:2)
  4 gnolls (D:2)
  5 adders
  5 worms (D:2)
  A dart slug (D:3)
  A leopard gecko (D:3)
  2 orcs (D:3)
  7 bats
  4 giant cockroaches
  A gnoll zombie (Ossuary)
  16 goblins
  11 hobgoblins
  11 jackals
  2 quokkas (D:2)
  2 frilled lizards
  A goblin zombie (Ossuary)
  A hobgoblin zombie (Ossuary)
  6 kobolds
  A kobold zombie (Ossuary)
  14 rats
100 creatures vanquished.

Notes
Turn   | Place    | Note
-------+----------+-------------------------------------------
     0 | D:1      | graki42 the Gargoyle Fighter began the quest for the Orb.
     0 | D:1      | Reached XP level 1. HP: 14/14 MP: 1/1
   162 | D:1      | Reached XP level 2. HP: 11/19 MP: 2/2
   555 | D:1      | Reached XP level 3. HP: 23/23 MP: 3/3
   831 | D:2      | Noticed Sigmund
   842 | D:2      | Killed Sigmund
   842 | D:2      | Reached skill level 1 in Dodging
   842 | D:2      | Reached skill level 4 in Shields
   842 | D:2      | Reached XP level 4. HP: 18/29 MP: 4/4
   842 | D:2      | Reached XP level 5. HP: 21/33 MP: 5/5
   970 | D:2      | Reached XP level 6. HP: 22/38 MP: 6/6
   981 | D:2      | Noticed a moth of wrath
   986 | D:2      | Found a bloodstained altar of Trog.
  1504 | D:2      | Noticed Robin
  1531 | D:2      | Killed Robin
  1609 | D:2      | Noticed Terence
  1620 | D:2      | Killed Terence
  2030 | D:3      | Noticed tilp's ghost (amateur DEFE)
  2065 | D:3      | Killed tilp's ghost
  2147 | D:3      | Reached XP level 7. HP: 40/44 MP: 7/7
  2374 | D:3      | Reached skill level 5 in Shields
  2583 | D:4      | Found a sand-covered staircase.
  2591 | Ossuary  | Entered an ossuary
  2591 | Ossuary  | Noticed a wraith
  2591 | Ossuary  | Noticed a wraith
  2591 | Ossuary  | Noticed a wraith
  2630 | Ossuary  | Noticed a wraith
  2646 | Ossuary  | HP: 1/44 [wraith (8)]
  2647 | Ossuary  | Slain by a wraith

Vault maps used:
D:1:      sevenhm_arrival_forest_fort_large_4
D:2:      tgw_trog, first_bread, hex_medium, uniq_terence, uniq_robin,
          uniq_sigmund
D:4:      nicolae_ossuary_entry_giza
Ossuary:  ossuary_kennysheep_city_of_the_dead

Skill      XL: |  1  2  3  4  5  6  7 |
---------------+----------------------+-----
Fighting       | 4 |  4.4
Maces & Flails | 3 4 |  4.6
Armour         | 4 |  4.3
Dodging        | 1 |  1.4
Shields        | 4 5 |  5.1
Stealth        | |  0.3

Action                   |  1- 3 |  4- 6 |  7- 9 || total
-------------------------+-------+-------+-------++-------
Melee: Flail             |   124 |   241 |   106 ||   471
  Use: Scroll            |       |    10 |     2 ||    12
       Potion            |       |     1 |     2 ||     3
 Stab: Distracted        |       |     1 |       ||     1
  Eat: Chunk             |       |     5 |     1 ||     6
Armor: Scale mail        |    86 |   141 |    53 ||   280
Dodge: Dodged            |    30 |   106 |    26 ||   162
Block: Shield            |    75 |   133 |    67 ||   275

Table legend:
 A = Spawn XP
 B = Non-spawn XP
 C = Spawn XP percentage of total XP
 D = Spawn monster count
 E = Non-spawn monster count
 F = Spawn count percentage of total count
 G = Total turns spent on level
                    A         B        C        D         E        F      G
               +---------+---------+-------+---------+---------+-------+---------
         Total |       0 |     676 |   0.0 |       0 |     100 |   0.0 |  2647
               +---------+---------+-------+---------+---------+-------+---------
           D:1 |       0 |      38 |   0.0 |       0 |      22 |   0.0 |   975
           D:2 |       0 |     433 |   0.0 |       0 |      45 |   0.0 |   983
           D:3 |       0 |     174 |   0.0 |       0 |      24 |   0.0 |   538
           D:4 |       0 |      26 |   0.0 |       0 |       5 |   0.0 |    95
       Ossuary |       0 |       5 |   0.0 |       0 |       4 |   0.0 |    56
               +---------+---------+-------+---------+---------+-------+---------
